 Dungeon Crawl Stone Soup version 0.23.2-33-g5129a83184 (webtiles) character file.

Game seed: 13637096661343368833

71 Bergy the Bolt Thrower (level 4, -1/27 HPs)
             Began as a Kobold Hunter on June 27, 2019.
             Slain by a gnoll (4 damage)
             ... on level 2 of the Dungeon.
             The game lasted 00:05:19 (2542 turns).

Bergy the Bolt Thrower (Kobold Hunter)              Turns: 2542, Time: 00:05:19

Health: -1/27      AC:  3    Str: 10    XL:     4   Next: 47%
Magic:  4/4        EV: 15    Int: 12    God:
Gold:   54         SH:  0    Dex: 15    Spells: 3/3 levels left

rFire    . . .     SeeInvis .   b - +0 short sword
rCold    . . .     Gourm    .   (shield restricted)
rNeg     . . .     Faith    .   c - +0 leather armour
rPois    .         Spirit   .   (no helmet)
rElec    .         Reflect  .   (no cloak)
rCorr    .         Harm     .   (no gloves)
MR       .....                  (no boots)
Stlth    ++........             (no amulet)
HPRegen  0.09/turn              (no ring)
MPRegen  0.09/turn              (no ring)

@: no status effects
A: small, carnivore
a: no special abilities


You were on level 2 of the Dungeon.
You were very full.

You visited 1 branch of the dungeon, and saw 3 of its levels.

You collected 54 gold pieces.

Inventory:

Hand Weapons
 a - a +1 hand crossbow
 b - a +0 short sword (weapon)
 l - a +2 hand axe of chopping
Missiles
 d - 20 bolts
Armour
 c - a +0 leather armour (worn)
Wands
 g - a wand of acid (8)
Scrolls
 j - 2 scrolls of teleportation {unknown}
Potions
 e - 5 potions of agility {unknown}
 h - a potion of flight {unknown}
 i - a potion of might {unknown}
Comestibles
 f - 4 rations
 k - 3 chunks of flesh


   Skills:
 + Level 2.5 Fighting
 * Level 3.5 Short Blades
 - Level 4.8 Crossbows
 + Level 1.0 Armour
 + Level 3.0 Dodging
 * Level 1.5 Stealth


You had 3 spell levels left.
You didn't know any spells.
Your spell library was empty.

Dungeon Overview and Level Annotations

Branches:
Dungeon (3/15)

Altars:


Innate Abilities, Weirdness & Mutations

You are small and have problems with some larger weapons.
You are carnivorous and can eat meat at any time.


Message History

You hit the gnoll but do no damage.
The gnoll is moderately wounded.
The frilled lizard barely misses you. The gnoll closely misses you.
The gnoll barely misses you.
You hit the gnoll.
The gnoll is severely wounded.
The frilled lizard bites you.
* * * LOW HITPOINT WARNING * * *
The gnoll completely misses you. The gnoll barely misses you.
You hit the gnoll.
The gnoll is severely wounded.
The frilled lizard bites you.
* * * LOW HITPOINT WARNING * * *
The gnoll barely misses you. The gnoll hits you.
* * * LOW HITPOINT WARNING * * *
You hit the gnoll.
You kill the gnoll!
Your Dodging skill increases to level 3!
The frilled lizard closely misses you. The gnoll hits you.
You die...

######.##############
....................#
######.############.##########
#...#.##..................^.#
##.#.#.##.#######...#######.##
....<#.##.#.....#...# #.#
.....#.##.#.##..#...# #.#
.....#.##.......#l..# #.#
................@...# #.#
.###.#.##........g..# #.#
.....#.##...####....#######.#
.#####.##..#####..........#.#
.......#.........##.#####.#.#
.#########............# #.#.#
..# #...............#.# #.#.#
..###'###############.# #.#.#
........# #.# #.#.#


You could see a gnoll and a frilled lizard.

Vanquished Creatures
  2 gnolls (D:2)
  An ooze (D:2)
  A worm (D:2)
  2 dart slugs (D:1)
  3 leopard geckos
  3 giant cockroaches
  4 hobgoblins (D:1)
  5 bats
  2 frilled lizards (D:1)
  9 goblins
  4 kobolds
  A rat (D:1)
37 creatures vanquished.

Notes
Turn   | Place    | Note
-------+----------+-------------------------------------------
     0 | D:1      | Bergy the Kobold Hunter began the quest for the Orb.
     0 | D:1      | Reached XP level 1. HP: 12/12 MP: 1/1
   164 | D:1      | Reached skill level 1 in Short Blades
   289 | D:1      | Reached XP level 2. HP: 14/18 MP: 2/2
   606 | D:1      | Reached XP level 3. HP: 19/22 MP: 3/3
  1904 | D:2      | Reached XP level 4. HP: 16/27 MP: 4/4
  2465 | D:2      | Reached skill level 1 in Armour
  2542 | D:2      | Slain by a gnoll

Skill      XL: |  1  2  3  4 |
---------------+-------------+-----
Short Blades   | 1 2 3 |  3.5
Armour         | 1 |  1.0
Dodging        | 3 |  3.0
Fighting       | |  2.5
Crossbows      | |  4.8
Stealth        | |  1.5

Action                   |  1- 3 |  4- 6 || total
-------------------------+-------+-------++-------
Melee: Short sword       |   122 |    29 ||   151
 Stab: Sleeping          |     1 |       ||     1
  Eat: Chunk             |    11 |     1 ||    12
Armor: Leather armour    |    21 |     7 ||    28
Dodge: Dodged            |    88 |    38 ||   126
